 Dungeon Crawl Stone Soup version 0.21-a0-444-g29a2fec (webtiles) character file.

434 torrenera the Cleaver (level 6, -7/55 HPs)
             Began as a Deep Dwarf Fighter on Nov 17, 2017.
             Was an Initiate of Makhleb.
             Mangled by Menkaure (19 damage)
             ... on level 5 of the Dungeon.
             The game lasted 00:09:17 (3090 turns).

torrenera the Cleaver (Deep Dwarf Fighter)          Turns: 3090, Time: 00:09:18

Health: -7/55      AC:  6    Str: 22    XL:     6   Next: 68%
Magic:  4/4        EV:  7    Int:  8    God:    Makhleb [......]
Gold:   112        SH:  9    Dex: 12    Spells: 5/5 levels left

rFire    . . .     SeeInvis .   a - +0 war axe
rCold    . . .     Gourm    .   c - +0 shield
rNeg     . . .     Faith    .   n - +0 scale mail
rPois    .         Spirit   .   (no helmet)
rElec    .         Reflect  .   (no cloak)
rCorr    .         Harm     .   (no gloves)
MR       +....                  (no boots)
Stlth    ..........             (no amulet)
HPRegen  0.00/turn              r - ring of protection from magic
MPRegen  0.09/turn              (no ring)

@: non-regenerating
A: damage resistance, heal wounds, sense surroundings 1, no regeneration
a: Heal Wounds, Renounce Religion


You were on level 5 of the Dungeon.
You worshipped Makhleb.
Makhleb was noncommittal.
You were not hungry.

You visited 1 branch of the dungeon, and saw 5 of its levels.

You collected 112 gold pieces.

Inventory:

Hand Weapons
 a - a +0 war axe (weapon)
 b - a +0 hunting sling
Missiles
 h - 145 stones
 i - 22 poisoned needles
 x - 4 javelins (quivered)
 B - 61 sling bullets
Armour
 c - a +0 shield (worn)
 n - a +0 scale mail (worn)
Jewellery
 r - a ring of protection from magic (left hand)
 t - a +2 ring of strength {unknown}
 u - an uncursed ring of stealth {unknown}
 z - an uncursed ring of protection from fire {unknown}
 E - an uncursed amulet of the gourmand {unknown}
Wands
 p - a wand of clouds (1/9)
Scrolls
 j - 4 scrolls of identify
 l - a scroll of immolation {unknown}
 q - a scroll of amnesia {unknown}
 s - a scroll of recharging {unknown}
 v - a scroll of enchant weapon {unknown}
 w - a scroll of blinking {unknown}
 y - 4 scrolls of remove curse {unknown}
 C - a scroll of magic mapping {unknown}
 F - a scroll of teleportation {unknown}
Potions
 d - 2 potions of might
 e - 3 potions of agility {unknown}
 g - a potion of lignification
 k - 2 potions of curing {unknown}
 m - 2 potions of degeneration {unknown}
Books
 D - a book of Callings

   Spells                             Type                      Level
   a - Summon Small Mammal            Summoning                    1
   b - Call Imp                       Summoning                    2
   c - Call Canine Familiar           Summoning                    3
   d - Summon Guardian Golem          Hexes/Summoning              3
   e - Summon Lightning Spire         Summoning/Air                4
   f - Summon Ice Beast               Ice/Summoning                4
Comestibles
 f - 4 bread rations
 o - 2 royal jellies
 A - 2 meat rations


   Skills:
 - Level 2.6 Fighting
 + Level 8.0 Axes
 - Level 3.2 Armour
 - Level 3.2 Shields
 * Level 0.1 Invocations


You had 5 spell levels left.
You didn't know any spells.

Dungeon Overview and Level Annotations

Branches:
Dungeon (5/15)
 Temple: D:4-7

Altars:
Cheibriados
Gozag
Makhleb
Qazlal
Trog
Xom

Shops:
D:4 ((

Annotations:
D:5 Menkaure


Innate Abilities, Weirdness & Mutations

You are resistant to damage.
You can heal yourself by infusing magical energy.
You passively map a small area around you.
You do not regenerate.


Message History

Press: ? - help, Shift-Dir - straight line, f - adder
Aim: an adder (hasn't noticed you)
You throw a javelin. The adder hisses angrily.
The javelin hits the adder!
You kill the adder!
Makhleb accepts your kill.
Your Axes skill increases to level 8!
You hear a shout!
Menkaure, Prince of Dust comes into view.
You hit Menkaure but do no damage. You block Menkaure's attack.
You hit Menkaure but do no damage.
Menkaure mumbles some strange words.
Menkaure seems to speed up.
You barely miss Menkaure.
Menkaure calls on the powers of darkness!
Your body is wracked with pain!
* * * LOW HITPOINT WARNING * * *
Menkaure hits you!!
You die...

** ###############
, #.......#.....#
, ,#..M....#.....#
* # #@# ,
*#...#######
###.###.##*
##...###....
.........#
#...†.#.....
.........#
#.....#.....
#...###'##
###..##..##. #.. *
#.#######..##..##+
..
#.................
*. ,
#.................
*
#.................


You could see Menkaure.

Vanquished Creatures
  Duvessa (D:4)
  A scorpion (D:5)
  Dowan (D:4)
  A howler monkey (D:4)
  A hound (D:3)
  3 gnolls (D:3)
  7 adders
  4 worms
  3 dart slugs
  3 leopard geckos
  An orc (D:4)
  A ball python (D:2)
  9 bats
  2 giant cockroaches
  5 hobgoblins
  6 kobolds
  A quokka (D:2)
  4 frilled lizards
  6 goblins
  4 rats
64 creatures vanquished.

Notes
Turn   | Place    | Note
-------+----------+-------------------------------------------
     0 | D:1      | torrenera the Deep Dwarf Fighter began the quest for the Orb.
     0 | D:1      | Reached XP level 1. HP: 20/20 MP: 1/1
   300 | D:1      | Reached skill level 3 in Axes
   581 | D:1      | Reached XP level 2. HP: 14/27 MP: 2/2
   819 | D:2      | Found a shimmering altar of Xom.
   980 | D:2      | Found a faded altar of an unknown god.
  1041 | D:2      | Reached XP level 3. HP: 13/33 MP: 3/3
  1054 | D:2      | Reached skill level 4 in Axes
  1435 | D:2      | Reached XP level 4. HP: 25/40 MP: 3/3
  1717 | D:3      | Reached skill level 5 in Axes
  1807 | D:3      | Found an opulent altar of Gozag.
  2126 | D:3      | Found a snail-covered altar of Cheibriados.
  2268 | D:3      | Reached XP level 5. HP: 20/46 MP: 4/4
  2271 | D:3      | Reached skill level 6 in Axes
  2433 | D:3      | Found a bloodstained altar of Trog.
  2677 | D:4      | Found Refutomp's Weapon Shoppe.
  2720 | D:4      | Found Exerphot's Weapon Shoppe.
  2722 | D:4      | Noticed Dowan
  2723 | D:4      | Noticed Duvessa
  2744 | D:4      | Killed Dowan
  2794 | D:4      | Killed Duvessa
  2794 | D:4      | Reached skill level 7 in Axes
  2794 | D:4      | Reached XP level 6. HP: 32/55 MP: 4/4
  2831 | D:4      | Found a burning altar of Makhleb.
  2877 | D:5      | Entered Level 5 of the Dungeon
  2932 | D:4      | Became a worshipper of Makhleb the Destroyer
  2972 | D:5      | Found a stormy altar of Qazlal.
  2974 | D:5      | Noticed a water elemental
  2983 | D:5      | Noticed an air elemental
  2983 | D:5      | Noticed a fire elemental
  3085 | D:5      | Reached skill level 8 in Axes
  3087 | D:5      | Noticed Menkaure
  3090 | D:5      | Mangled by Menkaure

Vault maps used:
D:1:      elethiomel_arrival_infinity_welcomes_careful_drivers
D:2:      brannock_xom_greatest_gift, chequers_ecumenical_altar_simple,
          minmay_heptomino_w4
D:3:      lightli_temple_of_fire, cheibriados_altar_1, grunt_gozag_statues
D:4:      cheibrodos_quashed, nicolae_overflow_hidden_temple, serial_shops,
          nicolae_shop_stone, nicolae_shop_trees, nicolae_shop_behind_doors,
          uniq_duvessa
D:5:      nicolae_overflow_crystal_walls, first_bread, minmay_misc_feat_roman,
          eino_small_chamber_without_monster, nicolae_qazlal_style_of_elements,
          uniq_menkaure, uniq_grinder, uniq_ijyb

Skill      XL: |  1  2  3  4  5  6 |
---------------+-------------------+-----
Axes           | 3 4 5 7 8 |  8.0
Fighting       | |  2.6
Armour         | |  3.2
Shields        | |  3.2
Invocations    | |  0.1

Action                   |  1- 3 |  4- 6 || total
-------------------------+-------+-------++-------
Melee: War axe           |   124 |    97 ||   221
 Fire: Hunting sling     |       |    38 ||    38
Throw: Javelin           |       |     7 ||     7
 Abil: Heal Wounds       |     1 |     1 ||     2
  Use: Scroll            |       |     1 ||     1
       Potion            |       |     1 ||     1
  Eat: Chunk             |     2 |     5 ||     7
Armor: Scale mail        |    53 |    56 ||   109
       Skin              |       |    12 ||    12
Dodge: Dodged            |    36 |    39 ||    75
Block: Shield            |    80 |    60 ||   140

Table legend:
 A = Spawn XP
 B = Non-spawn XP
 C = Spawn XP percentage of total XP
 D = Spawn monster count
 E = Non-spawn monster count
 F = Spawn count percentage of total count
 G = Total turns spent on level
                    A         B        C        D         E        F      G
               +---------+---------+-------+---------+---------+-------+---------
         Total |       0 |     621 |   0.0 |       0 |      64 |   0.0 |  3090
               +---------+---------+-------+---------+---------+-------+---------
           D:1 |       0 |      18 |   0.0 |       0 |      11 |   0.0 |   785
           D:2 |       0 |      91 |   0.0 |       0 |      23 |   0.0 |   876
           D:3 |       0 |     137 |   0.0 |       0 |      21 |   0.0 |   990
           D:4 |       0 |     279 |   0.0 |       0 |       5 |   0.0 |   252
           D:5 |       0 |      96 |   0.0 |       0 |       4 |   0.0 |   187
               +---------+---------+-------+---------+---------+-------+---------
